 Dungeon Crawl Stone Soup version 0.31-a0-1236-gaa9e43cceb (webtiles) character file.

Game seed: 8260886266147602825

1116 James the Grappler (level 8, -5/111 HPs)
             Began as a Troll Berserker on Dec 15, 2023.
             Was a Priest of Trog.
             Succumbed to Duvessa's poison
             ... on level 4 of the Dungeon.
             The game lasted 00:06:52 (2602 turns).

James the Grappler (Troll Berserker)                Turns: 2602, Time: 00:06:53

Health: -5/111     AC:  4    Str: 28    XL:     8   Next: 12%
Magic:  7/7        EV: 10    Int:  3    God:    Trog [***...]
Gold:   182        SH:  0    Dex:  9    Spells: 7/7 levels left

rFire   . .          .
                       - Unarmed
rCold   . . .        (no shield)
rNeg    . . .        a - +0 animal skin
rPois   .            g - +0 hat
rElec   .            (no cloak)
rCorr   .            (gloves unavailable)
SInv    .            (boots unavailable)
Will    .....        (no amulet) Stlth
                     (no ring)
HPRegen 1.18/turn    (no ring)
MPRegen 0.10/turn

%: no passive effects
@: berserking, lethally poisoned (-5 -> -38), very quick
A: large, unfitting armour, claws 3, regeneration 1, shaggy fur 1, tough skin 1
a: Renounce Religion, Berserk, Trog's Hand


You were on level 4 of the Dungeon.
You worshipped Trog.
Trog was most pleased with you.
You visited 1 branch of the dungeon, and saw 4 of its levels.

You collected 182 gold pieces.

Inventory:

Hand Weapons
 b - a +0 sling
   (You took it off a goblin on level 3 of the Dungeon)
 y - a +0 trident
   (You found it on level 3 of the Dungeon)
 H - a +0 dagger
   (You took it off Dowan on level 4 of the Dungeon)
Missiles
 k - 2 darts of dispersal {!f}
 o - 2 throwing nets {!f}
 t - 24 stones
Armour
 a - a +0 animal skin (worn)
 g - a +0 hat (worn)
   (You found it on level 1 of the Dungeon)
 i - a +0 robe
   (You found it on level 1 of the Dungeon)
 r - a +0 robe
   (You found it on level 3 of the Dungeon)
 w - a +0 robe
   (You found it on level 3 of the Dungeon)
 z - a +0 robe
   (You took it off a gnoll bouda on level 3 of the Dungeon)
 B - a +0 robe
   (You took it off Pikel on level 3 of the Dungeon)
 D - a +0 animal skin
   (You took it off Robin on level 4 of the Dungeon)
 E - a +0 robe
   (You found it on level 4 of the Dungeon)
 F - a +0 robe
   (You took it off a gnoll bouda on level 4 of the Dungeon)
 G - a +0 robe
   (You took it off Dowan on level 4 of the Dungeon)
Talismans
 v - a flux talisman
   (You found it on level 1 of the Dungeon)
Scrolls
 c - 3 scrolls of noise {unknown}
 d - a scroll of acquirement {unknown}
 e - 3 scrolls of identify {unknown}
 h - a scroll of teleportation {unknown}
 m - a scroll of poison {unknown}
 p - a scroll of enchant weapon {unknown}
 q - a scroll of fog {unknown}
 u - a scroll of blinking {unknown}
 x - a scroll of immolation {unknown}
Potions
 f - 2 potions of heal wounds {unknown}
 j - a potion of brilliance {unknown}
 l - a potion of curing {unknown}
 n - a potion of lignification {unknown}
 s - a potion of haste {unknown}
 A - a potion of invisibility {unknown}
 C - a potion of mutation {unknown}


   Skills:
 - Level 2.4 Fighting
 - Level 2.4 Dodging
 + Level 10.1 Unarmed Combat


You had 7 spell levels left.
You didn't know any spells.
Your spell library was empty.

Dungeon Overview and Level Annotations

Branches:
Dungeon (4/15)
 Temple: D:4-7

Altars:
Wu Jian

Shops:
D:4 =


Innate Abilities, Weirdness & Mutations

You are too large for most types of armour.
You have claws for hands.
Your natural rate of healing is unusually fast.
You are covered in fur. (AC +1)
You have tough skin. (AC +1)


Message History

G - a +0 robe You see here a +0 dagger.
Duvessa, Sister of Dowan comes into view.
She is wielding a +2 short sword of venom, wearing a +3 leather armour of cold resistance and carrying a wand of flame.
H - a +0 dagger Duvessa goes berserk!
You scratch Duvessa.
Duvessa hits you with a +2 short sword of venom!
You are poisoned.
Duvessa closely misses you.
You scratch Duvessa but do no damage.
You feel sick.
Duvessa hits you with a +2 short sword of venom!
You are more poisoned.
You claw Duvessa!
You feel very sick. Duvessa barely misses you.
You barely miss Duvessa.
You feel very sick.
Duvessa hits you with a +2 short sword of venom.
* * * LOW HITPOINT WARNING * * *
You are more poisoned.
Okay, then.
A red film seems to cover your vision as you go berserk!
You feel yourself moving faster!
You feel mighty!
You feel extremely sick.
Duvessa hits you with a +2 short sword of venom!
* * * LOW HITPOINT WARNING * * *
You are lethally poisoned!
Duvessa hits you with a +2 short sword of venom!
* * * LOW HITPOINT WARNING * * *
You are more poisoned.
You mangle Duvessa!!
* * * LOW HITPOINT WARNING * * *
You feel extremely sick. Duvessa closely misses you.
You completely miss Duvessa.
* * * LOW HITPOINT WARNING * * *
You feel extremely sick.
Duvessa hits you with a +2 short sword of venom.
* * * LOW HITPOINT WARNING * * *
You are more poisoned.
You eviscerate Duvessa!!!
You kill Duvessa!
Trog accepts your kill.
* * * LOW HITPOINT WARNING * * *
You feel very sick.
Your Unarmed Combat skill increases to level 10!
You are too berserk!
Unknown command.
Okay, then.
You die...

## #.##.# #.# ##..
.## #.##.## #.#
#####...
..######)....# ###
# #.......
...))†))†...## ..
#####.#.
..########### ..
#.#. ### .# #...
##### .## ###.
#########...#...#..
#.
#.........⌠@..⌠...⌠
######.
#.####..#..)#...#..
#...... #.#
#.###### .##
#.###..
######.####.# .#
#.##>..
.........##.# ..
##.##...
######.#.##.# ..
#....... ##
#.#.##.# # ##.###..
.# #......# #.##...
## ###.#### #.###..


There were no monsters in sight!

Vanquished Creatures
  Pikel (D:3)
  Duvessa (D:4)
  An ogre (D:4)
  A phantom (D:4)
  Dowan (D:4)
  2 gnoll boudas
  2 jellies (D:4)
  Robin (D:4)
  11 gnolls
  5 adders
  2 worms
  4 dart slugs
  2 ball pythons
  4 endoplasms
  A giant cockroach (D:2)
  15 goblins
  8 hobgoblins
  2 jackals (D:1)
  5 kobolds
  2 bats
  4 frilled lizards
  8 rats
83 creatures vanquished.

Notes
Turn   | Place    | Note
-------+----------+-------------------------------------------
     0 | D:1      | James the Troll Berserker began the quest for the Orb.
     0 | D:1      | Reached XP level 1. HP: 22/22 MP: 0/0
   188 | D:1      | Reached XP level 2. HP: 28/29 MP: 1/1
   561 | D:2      | Reached skill level 4 in Unarmed Combat
   598 | D:2      | Reached XP level 3. HP: 36/36 MP: 2/2
   893 | D:2      | Reached ** piety under Trog
   900 | D:2      | Found a faded altar of an unknown god.
  1077 | D:3      | Reached skill level 5 in Unarmed Combat
  1077 | D:3      | Reached XP level 4. HP: 18/44 MP: 3/3
  1315 | D:3      | Found an ornate altar of the Wu Jian Council.
  1705 | D:3      | Reached XP level 5. HP: 25/50 MP: 4/4
  1706 | D:3      | Reached skill level 6 in Unarmed Combat
  1911 | D:4      | Found Hogakotio's Jewellery Shop.
  1962 | D:4      | Noticed an ogre
  1971 | D:4      | Killed an ogre
  1972 | D:4      | Reached XP level 6. HP: 54/59 MP: 5/5
  2022 | D:4      | Noticed Pikel
  2053 | D:3      | Killed Pikel
  2054 | D:3      | Reached skill level 8 in Unarmed Combat
  2054 | D:3      | Reached XP level 7. HP: 60/66 MP: 6/6
  2208 | D:4      | Reached skill level 9 in Unarmed Combat
  2241 | D:4      | Noticed Robin
  2252 | D:4      | Killed Robin
  2271 | D:4      | Reached *** piety under Trog
  2556 | D:4      | Noticed Dowan
  2566 | D:4      | Killed Dowan
  2567 | D:4      | Reached XP level 8. HP: 66/74 MP: 7/7
  2590 | D:4      | Noticed Duvessa
  2601 | D:4      | Killed Duvessa
  2601 | D:4      | HP: 1/111 [poisoned by Duvessa]
  2602 | D:4      | Reached skill level 10 in Unarmed Combat
  2602 | D:4      | Succumbed to Duvessa's poison

Illustrated notes

Levels and vault maps discovered:
D:1:      minmay_arrival_three_doors, layout_loops_ring
D:2:      minmay_alternating_diamond, layout_rooms,
          ebering_ecumenical_altar_abandoned
D:3:      layout_basic, mainiacjoe_overflow_paths, guppyfry_early_lair_pool
D:4:      layout_loops_corners, minmay_temple_entry_nine_rooms, serial_shops,
          shop, nicolae_grassy_gnolls, uniq_duvessa, uniq_pikel, uniq_robin,
          uniq_edmund

Skill      XL: |  1  2  3  4  5  6  7  8 |
---------------+-------------------------+-----
Unarmed Combat | 4 5 6 8 9 10 | 10.1
Fighting       | |  2.4
Dodging        | |  2.4

Action                     |  1- 3 |  4- 6 |  7- 9 || total
---------------------------+-------+-------+-------++-------
  Melee: Unarmed           |    67 |    75 |    64 ||   206
         Punch             |     1 |     1 |     2 ||     4
 Invoke: Berserk           |       |       |     1 ||     1
   Stab: Distracted        |       |     1 |       ||     1
 Armour: Animal skin       |    41 |    32 |    39 ||   112
  Dodge: Dodged            |    33 |    34 |    27 ||    94

Table legend: (Time is in decaauts)
 A = Elapsed time spent in this place.
 B = Non-inter-level travel time spent in this place.
 C = Inter-level travel time spent in this place.
 D = Time resting spent in this place.
 E = Time spent auto-exploring this place.
 F = Levels seen in this place.
 G = Mean time per level.
                   A        B        C        D        E       F      G
               +--------+--------+--------+--------+--------+-----+--------+
         Total |   2575 |   2481 |     94 |     65 |   1771 |   4 |  643.8 |
       Dungeon |   2575 |   2481 |     94 |     65 |   1771 |   4 |  643.8 |
               +--------+--------+--------+--------+--------+-----+--------+

Top non-repeatable levels by time:
     D:3: 895 daAuts
     D:4: 662 daAuts
     D:1: 556 daAuts
     D:2: 462 daAuts
